Edmonton Oilers vs Calgary Flames
Created - Saturday, October 12, 2024 at 10:07
Goals
|
| Edmonton Oilers |
0 |
0 |
2 |
2 |
| Calgary Flames |
2 |
1 |
3 |
6 |
|
Shots
|
| Edmonton Oilers |
13 |
7 |
14 |
34 |
| Calgary Flames |
18 |
10 |
15 |
43 |
|
1st period
1. Calgary Flames , Oliver Bjorkstrand 9 (Jake Middleton 9, Mathieu Joseph 4) at 6:09
2. Calgary Flames , Pavel Zacha 14 (J.T. Miller 38, Matthew Tkachuk 27) at 13:44
Penalties :
Jake Middleton (CGY) for Fighting (Major) at 19:40, Tanner Jeannot (EDM) for Fighting (Major) at 19:40
2nd period
3. Calgary Flames , Zach Hyman 16 (Sebastian Aho 31) at 9:12
Penalties :
Yakov Trenin (CGY) for Holding (Minor) at 4:46, Scott Mayfield (EDM) for Interference (Minor) at 10:57
3rd period
4. Calgary Flames , Rasmus Andersson 4 (Matthew Tkachuk 28, Pavel Zacha 13) at 2:56
5. Calgary Flames , Sebastian Aho 24 (Jeff Petry 9) at 10:51
6. Edmonton Oilers , Boone Jenner 10 (Adrian Kempe 29, Brett Pesce 11) at 11:05
7. Edmonton Oilers , Brock Boeser 12 (Evan Bouchard 15, Adrian Kempe 30) at 12:34 (PP)
8. Calgary Flames , Joel Eriksson Ek 19 (Matthew Tkachuk 29) at 13:55 (PP)
Penalties :
David Perron (EDM) for Hooking (Minor) at 3:05, Yakov Trenin (CGY) for Fighting (Major) at 7:56, Jacob Trouba (EDM) for Fighting (Major) at 7:56, Jacob Trouba (EDM) for instigated a fight (Minor) at 7:56, Jacob Trouba (EDM) for instigated a fight (10 Minutes Misconduct) at 7:56, Garnet Hathaway (CGY) for Slashing (Minor) at 12:16, Jake DeBrusk (EDM) for Slashing (Minor) at 13:11, J.T. Miller (CGY) for Fighting (Major) at 18:21, Jake DeBrusk (EDM) for Fighting (Major) at 18:21
Goalie Stats
Juuse Saros (EDM), 37 saves from 43 shots - (0.860), L, 12-17-1, 60:00 minutes
Ilya Sorokin (CGY), 32 saves from 34 shots - (0.941), W, 22-13-4, 60:00 minutes
Players Stats for Edmonton Oilers
Player Name G A P +/- PIM S H SB GA TA FO MP PP MP PK MP
------------------------------------------------------------------------------------
Adrian Kempe 0 2 2 0 0 3 2 0 1 0 1/1 19:21 1:26 2:54
Alex Iafallo 0 0 0 -2 0 1 0 1 1 0 0/0 12:15 0:00 0:00
Boone Jenner 1 0 1 0 0 3 1 0 0 1 16/27 16:50 1:26 0:22
Brandon Carlo 0 0 0 -2 0 2 1 8 0 2 0/0 23:02 1:04 3:43
Brett Pesce 0 1 1 -2 0 0 1 1 0 0 0/0 20:04 1:13 0:59
Brock Boeser 1 0 1 0 0 3 4 1 2 0 0/1 19:31 1:26 3:03
Corey Perry 0 0 0 -2 0 2 2 0 2 0 0/0 12:15 0:00 0:00
David Perron 0 0 0 -2 2 2 1 0 0 0 0/0 17:24 0:00 2:05
Dawson Mercer 0 0 0 -2 0 7 0 2 0 0 5/9 15:24 0:51 1:56
Evan Bouchard 0 1 1 0 0 0 1 3 0 0 0/0 22:01 1:13 3:06
Jacob Trouba 0 0 0 -2 17 2 2 1 0 1 0/0 17:59 1:04 2:00
Jake DeBrusk 0 0 0 -2 7 1 0 0 0 1 2/3 18:30 0:51 2:47
Jeff Carter 0 0 0 -2 0 2 0 1 1 0 8/18 16:24 0:51 0:15
Morgan Barron 0 0 0 0 0 0 1 0 0 1 0/1 9:09 0:00 0:00
Rasmus Ristolainen 0 0 0 -2 0 1 0 1 1 0 0/0 19:12 0:00 3:34
Ryan McLeod 0 0 0 0 0 2 1 0 0 0 1/4 8:24 0:00 0:00
Scott Mayfield 0 0 0 0 2 3 1 1 0 3 0/0 17:41 0:00 0:00
Tanner Jeannot 0 0 0 0 5 0 0 0 1 0 0/0 7:47 0:00 0:00
Players Stats for Calgary Flames
Player Name G A P +/- PIM S H SB GA TA FO MP PP MP PK MP
------------------------------------------------------------------------------------
Cole Sillinger 0 0 0 1 0 1 0 0 0 0 0/1 12:31 0:00 0:09
Drew Doughty 0 0 0 0 0 3 4 2 0 1 0/0 23:23 3:20 1:24
Garnet Hathaway 0 0 0 0 2 0 2 0 0 0 0/0 8:24 0:00 0:00
J.T. Miller 0 1 1 1 5 4 0 0 0 0 13/24 18:15 3:15 0:09
Jake Middleton 0 1 1 2 5 1 0 1 0 3 0/0 13:23 0:00 0:00
Jeff Petry 0 1 1 2 0 1 1 1 0 1 0/0 21:56 3:21 0:53
Jeremy Lauzon 0 0 0 2 0 0 1 0 0 1 0/0 15:06 0:00 0:00
Joel Eriksson Ek 1 0 1 2 0 4 0 2 1 0 2/5 19:54 3:26 1:15
Kris Letang 0 0 0 0 0 5 2 3 0 0 0/0 22:58 3:20 1:24
Mathieu Joseph 0 1 1 1 0 1 3 0 0 0 1/1 12:12 0:00 0:00
Matthew Tkachuk 0 3 3 1 0 5 0 0 3 0 1/2 19:38 3:21 1:15
Nic Dowd 0 0 0 0 0 2 1 0 0 1 0/3 8:52 0:05 0:00
Oliver Bjorkstrand 1 0 1 1 0 4 1 0 2 0 3/9 12:31 0:05 0:00
Pavel Zacha 1 1 2 1 0 8 1 1 2 0 2/2 19:31 3:21 0:53
Rasmus Andersson 1 0 1 2 0 1 2 0 0 1 0/0 23:13 3:21 0:53
Sebastian Aho 1 1 2 2 0 2 0 0 0 1 9/17 19:19 3:15 0:53
Yakov Trenin 0 0 0 0 7 0 0 0 0 0 0/0 8:06 0:00 0:00
Zach Hyman 1 0 1 2 0 1 2 1 1 0 0/0 18:26 3:15 0:00
3 Stars
1 - Sebastian Aho (CGY)
2 - Pavel Zacha (CGY)
3 - Zach Hyman (CGY)
Power Play
Edmonton Oilers - 1 on 2 Attempt(s) - 50.00%
Calgary Flames - 1 on 4 Attempt(s) - 25.00%
Penalty Kill
Edmonton Oilers - 3 on 4 Attempt(s) - 75.00%
- Score 0 goal in Penalty Kill
Calgary Flames - 1 on 2 Attempt(s) - 50.00%
- Score 0 goal in Penalty Kill
Team Stat
Edmonton Oilers - Hits : 18 - Faceoff Wins : 33 - Blocked Shots : 20 - Penalty Minutes : 33
Calgary Flames - Hits : 20 - Faceoff Wins : 31 - Blocked Shots : 11 - Penalty Minutes : 19
Official
Referees : Francis Charron and Gord Dwyer
Linesman : James Tobias and Ryan Daisy
Game Notes
Jake Middleton beats up Tanner Jeannot at 19:40 of 1st period
Yakov Trenin and Jacob Trouba fight to a draw at 7:56 of 3rd period
J.T. Miller and Jake DeBrusk fight to a draw at 18:21 of 3rd period
Finance
Level 1 -- Attendance: 4712 (78.53%) -- Ticket Income $471,200
Level 2 -- Attendance: 3393 (67.86%) -- Ticket Income $203,580
Level 3 -- Attendance: 2227 (74.23%) -- Ticket Income $77,945
Level 4 -- Attendance: 3428 (68.56%) -- Ticket Income $85,700
Luxury Box -- Attendance: 809 (80.90%) -- Ticket Income $161,800
Game was played at the Scotiabank Saddledome.
Total Attendance: 14569 (72.85%)
Total Ticket Income: $1,000,225
Other Income: $350,079
Total Income: $1,350,304
Edmonton Oilers
5 vs 5 Forward
Center Left Wing Right Wing Time % Phy DF OF
1 Boone Jenner Brock Boeser Adrian Kempe 30 1 2 2
2 Jeff Carter David Perron Jake DeBrusk 30 1 2 2
3 Dawson Mercer Corey Perry Alex Iafallo 25 1 2 2
4 Ryan McLeod Morgan Barron Tanner Jeannot 15 1 2 2
5 vs 5 Defense
Defense Defense Time % Phy DF OF
1 Brandon Carlo Jacob Trouba 35 1 2 2
2 Evan Bouchard Scott Mayfield 35 1 2 2
3 Brett Pesce Rasmus Ristolainen 30 1 2 2
4 Brandon Carlo Jacob Trouba 0 1 2 2
PowerPlay Forward
Center Left Wing Right Wing Time % Phy DF OF
1 Boone Jenner Brock Boeser Adrian Kempe 50 1 2 2
2 Jeff Carter Jake DeBrusk Dawson Mercer 50 1 2 2
PowerPlay Defense
Defense Defense Time % Phy DF OF
1 Brandon Carlo Jacob Trouba 50 1 2 2
2 Evan Bouchard Brett Pesce 50 1 2 2
Penalty Kill 4 Players Forward
Center Wing Time % Phy DF OF
1 David Perron Brock Boeser 50 1 2 2
2 Jake DeBrusk Adrian Kempe 50 1 2 2
Penalty Kill 4 Players Defense
Defense Defense Time % Phy DF OF
1 Brandon Carlo Jacob Trouba 50 1 2 2
2 Evan Bouchard Rasmus Ristolainen 50 1 2 2
Penalty Kill - 3 Players Forward
Forward Time % Phy DF OF
1 Adrian Kempe 50 1 2 2
2 Brock Boeser 50 1 2 2
Penalty Kill - 3 Players Defense
Defense Defense Time % Phy DF OF
1 Brandon Carlo Jacob Trouba 50 1 2 2
2 Evan Bouchard Rasmus Ristolainen 50 1 2 2
4 vs 4 Forward
Center Wing Time % Phy DF OF
1 Jake DeBrusk Brock Boeser 50 1 2 2
2 Dawson Mercer Adrian Kempe 50 1 2 2
4 vs 4 Defense
Defense Defense Time % Phy DF OF
1 Brandon Carlo Jacob Trouba 50 1 2 2
2 Evan Bouchard Brett Pesce 50 1 2 2
Last Minutes Offensive
Center Left Wing Right Wing Defense Defense
Boone Jenner Brock Boeser Adrian Kempe Brandon Carlo Jacob Trouba
Last Minutes Defensive
Center Left Wing Right Wing Defense Defense
Boone Jenner Brock Boeser Adrian Kempe Brandon Carlo Jacob Trouba
Goaltenders
Starting : Juuse Saros
Backup : Matt Murray
Extra Forwards
Normal : Morgan Barron, Jake DeBrusk, Dawson Mercer - PP : Morgan Barron, Jake DeBrusk - PK : Dawson Mercer
Extra Defensemen
Normal : Brett Pesce, Rasmus Ristolainen, Evan Bouchard - PP : Brett Pesce - PK : Rasmus Ristolainen, Evan Bouchard
Penalty Shots
Dawson Mercer, Brock Boeser, Adrian Kempe, Jake DeBrusk, David Perron
Scratches
David Reinbacher (Healthy), Mikael Backlund (Healthy), Julien Gauthier (Healthy), Dylan Holloway (Healthy)
Calgary Flames
5 vs 5 Forward
Center Left Wing Right Wing Time % Phy DF OF
1 J.T. Miller Pavel Zacha Matthew Tkachuk 30 1 2 2
2 Sebastian Aho Zach Hyman Joel Eriksson Ek 30 1 2 2
3 Oliver Bjorkstrand Cole Sillinger Mathieu Joseph 25 1 2 2
4 Nic Dowd Yakov Trenin Garnet Hathaway 15 1 2 2
5 vs 5 Defense
Defense Defense Time % Phy DF OF
1 Drew Doughty Kris Letang 35 1 2 2
2 Rasmus Andersson Jeff Petry 35 1 2 2
3 Jake Middleton Jeremy Lauzon 30 1 2 2
4 Drew Doughty Kris Letang 0 1 2 2
PowerPlay Forward
Center Left Wing Right Wing Time % Phy DF OF
1 Joel Eriksson Ek Pavel Zacha Matthew Tkachuk 50 1 2 2
2 Sebastian Aho Zach Hyman J.T. Miller 50 1 2 2
PowerPlay Defense
Defense Defense Time % Phy DF OF
1 Drew Doughty Kris Letang 50 1 2 2
2 Rasmus Andersson Jeff Petry 50 1 2 2
Penalty Kill 4 Players Forward
Center Wing Time % Phy DF OF
1 Pavel Zacha Sebastian Aho 50 1 2 2
2 Joel Eriksson Ek Matthew Tkachuk 50 1 2 2
Penalty Kill 4 Players Defense
Defense Defense Time % Phy DF OF
1 Drew Doughty Kris Letang 50 1 2 2
2 Rasmus Andersson Jeff Petry 50 1 2 2
Penalty Kill - 3 Players Forward
Forward Time % Phy DF OF
1 Matthew Tkachuk 50 1 2 2
2 Sebastian Aho 50 1 2 2
Penalty Kill - 3 Players Defense
Defense Defense Time % Phy DF OF
1 Drew Doughty Kris Letang 50 1 2 2
2 Rasmus Andersson Jeff Petry 50 1 2 2
4 vs 4 Forward
Center Wing Time % Phy DF OF
1 Pavel Zacha Sebastian Aho 50 1 2 2
2 Joel Eriksson Ek Matthew Tkachuk 50 1 2 2
4 vs 4 Defense
Defense Defense Time % Phy DF OF
1 Drew Doughty Kris Letang 50 1 2 2
2 Rasmus Andersson Jeff Petry 50 1 2 2
Last Minutes Offensive
Center Left Wing Right Wing Defense Defense
J.T. Miller Pavel Zacha Matthew Tkachuk Drew Doughty Kris Letang
Last Minutes Defensive
Center Left Wing Right Wing Defense Defense
J.T. Miller Pavel Zacha Matthew Tkachuk Drew Doughty Kris Letang
Goaltenders
Starting : Ilya Sorokin
Backup : Samuel Montembeault
Extra Forwards
Normal : Nic Dowd, Oliver Bjorkstrand, Cole Sillinger - PP : Nic Dowd, Oliver Bjorkstrand - PK : Cole Sillinger
Extra Defensemen
Normal : Jake Middleton, Jeremy Lauzon, Rasmus Andersson - PP : Jake Middleton - PK : Jeremy Lauzon, Rasmus Andersson
Penalty Shots
J.T. Miller, Sebastian Aho, Joel Eriksson Ek, Matthew Tkachuk, Pavel Zacha
Scratches
Timo Meier (Healthy), Noel Acciari (Healthy), Rafael Harvey-Pinard (Healthy)
% Time on Ice - Edmonton Oilers
Lines # - Real PCT - Wanted PCT - Time Play
Normal Forward
1 - 29% - 30% - 15:02
2 - 30% - 30% - 15:21
3 - 24% - 25% - 12:15
4 - 16% - 15% - 8:24
Normal Defense
1 - 34% - 35% - 17:24
2 - 35% - 35% - 17:42
3 - 30% - 30% - 15:05
4 - 2% - 0% - 0:51
PP Forward
1 - 63% - 50% - 1:26
2 - 37% - 50% - 0:51
PP Defense
1 - 47% - 50% - 1:04
2 - 53% - 50% - 1:13
PK Forward
1 - 52% - 50% - 3:28
2 - 48% - 50% - 3:13
PK Defense
1 - 56% - 50% - 3:43
2 - 44% - 50% - 2:58
PK3 Forward
1 - 0% - 50%
2 - 0% - 50%
PK3 Defense
1 - 0% - 50%
2 - 0% - 50%
44 Forward
1 - 0% - 50%
2 - 0% - 50%
44 Defense
1 - 0% - 50%
2 - 0% - 50%
Last Minute Offensive - 0:00
Last Minute Defensive - 0:00
Total
Forward - 60:00
Defense - 60:00
|
% Time on Ice - Calgary Flames
Lines # - Real PCT - Wanted PCT - Time Play
Normal Forward
1 - 30% - 30% - 15:14
2 - 30% - 30% - 15:11
3 - 24% - 25% - 12:12
4 - 16% - 15% - 8:25
Normal Defense
1 - 35% - 35% - 18:02
2 - 35% - 35% - 17:42
3 - 30% - 30% - 15:06
4 - 0% - 0% - 0:12
PP Forward
1 - 51% - 50% - 3:26
2 - 49% - 50% - 3:15
PP Defense
1 - 50% - 50% - 3:20
2 - 50% - 50% - 3:21
PK Forward
1 - 45% - 50% - 1:02
2 - 55% - 50% - 1:15
PK Defense
1 - 61% - 50% - 1:24
2 - 39% - 50% - 0:53
PK3 Forward
1 - 0% - 50%
2 - 0% - 50%
PK3 Defense
1 - 0% - 50%
2 - 0% - 50%
44 Forward
1 - 0% - 50%
2 - 0% - 50%
44 Defense
1 - 0% - 50%
2 - 0% - 50%
Last Minute Offensive - 0:00
Last Minute Defensive - 0:00
Total
Forward - 60:00
Defense - 60:00
|
Play-by-Play
1st period
0:01 of 1st period - Boone Jenner wins face-off versus J.T. Miller in neutral zone.
0:26 of 1st period - Brandon Carlo is hit by Kris Letang and loses puck.
0:47 of 1st period - Wrist shot by Nic Dowd.
0:47 of 1st period - Stopped by Juuse Saros with a rebound.
1:20 of 1st period - Slapshot by Oliver Bjorkstrand.
1:20 of 1st period - Stopped by Juuse Saros with a rebound.
1:54 of 1st period - Slapshot by J.T. Miller.
1:54 of 1st period - Stopped by Juuse Saros without a rebound.
1:55 of 1st period - J.T. Miller wins face-off versus Jeff Carter in Edmonton Oilers zone.
2:06 of 1st period - Slapshot by J.T. Miller.
2:06 of 1st period - Deflect By Matthew Tkachuk.
2:06 of 1st period - Shot Blocked by Scott Mayfield.
2:06 of 1st period - Puck is out of play.
2:07 of 1st period - Dawson Mercer wins face-off versus Oliver Bjorkstrand in Edmonton Oilers zone.
2:07 of 1st period - Dawson Mercer is hit by Jeremy Lauzon.
2:21 of 1st period - Snap shot by Oliver Bjorkstrand.
2:21 of 1st period - Stopped by Juuse Saros without a rebound.
2:22 of 1st period - Sebastian Aho wins face-off versus Boone Jenner in Edmonton Oilers zone.
2:34 of 1st period - Evan Bouchard is hit by Zach Hyman and loses puck.
4:01 of 1st period - Slapshot by Brock Boeser.
4:01 of 1st period - Shot Hit the Post.
4:03 of 1st period - Snap shot by Adrian Kempe.
4:03 of 1st period - Shot Blocked by Zach Hyman.
4:19 of 1st period - Wrist shot by Garnet Hathaway.
4:19 of 1st period - Shot Misses the Net.
4:21 of 1st period - Wrist shot by Yakov Trenin.
4:21 of 1st period - Shot Misses the Net.
4:41 of 1st period - Snap shot by Matthew Tkachuk.
4:41 of 1st period - Shot Misses the Net.
5:23 of 1st period - Snap shot by Adrian Kempe.
5:23 of 1st period - Stopped by Ilya Sorokin with a rebound.
5:45 of 1st period - Wrist shot by Jeff Carter.
5:45 of 1st period - Stopped by Ilya Sorokin with a rebound.
6:07 of 1st period - Slapshot by Mathieu Joseph.
6:07 of 1st period - Shot Blocked by Brandon Carlo.
6:09 of 1st period - Snap shot by Jake Middleton.
6:09 of 1st period - Deflect By Oliver Bjorkstrand.
6:09 of 1st period - Goal by Oliver Bjorkstrand - Edmonton Oilers : 0 - Calgary Flames : 1.
6:10 of 1st period - J.T. Miller wins face-off versus Jeff Carter in neutral zone.
6:19 of 1st period - Wrist shot by Matthew Tkachuk.
6:19 of 1st period - Stopped by Juuse Saros without a rebound.
6:20 of 1st period - J.T. Miller wins face-off versus Jeff Carter in Edmonton Oilers zone.
6:23 of 1st period - Snap shot by J.T. Miller.
6:23 of 1st period - Stopped by Juuse Saros with a rebound.
6:25 of 1st period - Wrist shot by J.T. Miller.
6:25 of 1st period - Shot Misses the Net.
6:27 of 1st period - Wrist shot by Kris Letang.
6:27 of 1st period - Stopped by Juuse Saros with a rebound.
6:29 of 1st period - Backhand shot by J.T. Miller.
6:29 of 1st period - Shot Misses the Net.
6:31 of 1st period - Slapshot by Kris Letang.
6:31 of 1st period - Shot Misses the Net.
6:33 of 1st period - Snap shot by Matthew Tkachuk.
6:33 of 1st period - Stopped by Juuse Saros with a rebound.
6:38 of 1st period - Wrist shot by Drew Doughty.
6:38 of 1st period - Shot Misses the Net.
6:40 of 1st period - Slapshot by Kris Letang.
6:40 of 1st period - Stopped by Juuse Saros with a rebound.
6:56 of 1st period - Snap shot by Matthew Tkachuk.
6:56 of 1st period - Shot Blocked by Jacob Trouba.
6:58 of 1st period - Snap shot by Kris Letang.
6:58 of 1st period - Deflect By Jacob Trouba.
6:58 of 1st period - Stopped by Juuse Saros with a rebound.
7:00 of 1st period - Snap shot by J.T. Miller.
7:00 of 1st period - Stopped by Juuse Saros without a rebound.
7:01 of 1st period - Sebastian Aho wins face-off versus Dawson Mercer in Edmonton Oilers zone.
7:02 of 1st period - Wrist shot by Joel Eriksson Ek.
7:02 of 1st period - Stopped by Juuse Saros with a rebound.
7:12 of 1st period - Slapshot by Sebastian Aho.
7:12 of 1st period - Stopped by Juuse Saros with a rebound.
8:05 of 1st period - Wrist shot by Corey Perry.
8:05 of 1st period - Stopped by Ilya Sorokin with a rebound.
8:07 of 1st period - Wrist shot by Dawson Mercer.
8:07 of 1st period - Shot Blocked by Jeff Petry.
8:09 of 1st period - Snap shot by Scott Mayfield.
8:09 of 1st period - Stopped by Ilya Sorokin with a rebound.
8:11 of 1st period - Slapshot by Dawson Mercer.
8:11 of 1st period - Stopped by Ilya Sorokin with a rebound.
8:13 of 1st period - Wrist shot by Dawson Mercer.
8:13 of 1st period - Shot Misses the Net.
8:15 of 1st period - Backhand shot by Corey Perry.
8:15 of 1st period - Deflect By Dawson Mercer.
8:15 of 1st period - Stopped by Ilya Sorokin without a rebound.
8:16 of 1st period - Oliver Bjorkstrand wins face-off versus Boone Jenner in Calgary Flames zone.
8:33 of 1st period - Slapshot by Brock Boeser.
8:33 of 1st period - Deflect By Adrian Kempe.
8:33 of 1st period - Shot Misses the Net.
8:33 of 1st period - Puck is out of play.
8:34 of 1st period - J.T. Miller wins face-off versus Ryan McLeod in Calgary Flames zone.
8:34 of 1st period - J.T. Miller is hit by Ryan McLeod.
9:06 of 1st period - Slapshot by Garnet Hathaway.
9:06 of 1st period - Shot Blocked by Brandon Carlo.
9:08 of 1st period - Snap shot by Nic Dowd.
9:08 of 1st period - Shot Blocked by Brandon Carlo.
9:10 of 1st period - Slapshot by Jake Middleton.
9:10 of 1st period - Stopped by Juuse Saros with a rebound.
9:12 of 1st period - Snap shot by Nic Dowd.
9:12 of 1st period - Shot Misses the Net.
9:14 of 1st period - Slapshot by Nic Dowd.
9:14 of 1st period - Shot Misses the Net.
10:01 of 1st period - Brandon Carlo is hit by Garnet Hathaway and loses puck.
10:18 of 1st period - Slapshot by Sebastian Aho.
10:18 of 1st period - Shot Misses the Net.
10:24 of 1st period - Snap shot by Sebastian Aho.
10:24 of 1st period - Shot Blocked by Brandon Carlo.
10:34 of 1st period - Snap shot by Adrian Kempe.
10:34 of 1st period - Shot Blocked by Kris Letang.
10:36 of 1st period - Slapshot by Jacob Trouba.
10:36 of 1st period - Deflect By Kris Letang.
10:36 of 1st period - Stopped by Ilya Sorokin with a rebound.
10:38 of 1st period - Snap shot by Boone Jenner.
10:38 of 1st period - Stopped by Ilya Sorokin with a rebound.
10:40 of 1st period - Slapshot by Brandon Carlo.
10:40 of 1st period - Stopped by Ilya Sorokin with a rebound.
10:42 of 1st period - Slapshot by Brandon Carlo.
10:42 of 1st period - Stopped by Ilya Sorokin with a rebound.
10:53 of 1st period - Icing by Kris Letang.
10:54 of 1st period - Jeff Carter wins face-off versus J.T. Miller in Calgary Flames zone.
11:05 of 1st period - Brett Pesce is hit by Drew Doughty and loses puck.
11:17 of 1st period - Icing by David Perron.
11:18 of 1st period - Boone Jenner wins face-off versus Sebastian Aho in Edmonton Oilers zone.
11:45 of 1st period - Jeremy Lauzon is hit by Evan Bouchard and loses puck.
11:52 of 1st period - Backhand shot by Ryan McLeod.
11:52 of 1st period - Stopped by Ilya Sorokin with a rebound.
12:22 of 1st period - Slapshot by Sebastian Aho.
12:22 of 1st period - Shot Misses the Net.
13:13 of 1st period - Wrist shot by Joel Eriksson Ek.
13:13 of 1st period - Shot Blocked by Alex Iafallo.
13:21 of 1st period - Snap shot by Evan Bouchard.
13:21 of 1st period - Shot Misses the Net.
13:23 of 1st period - Snap shot by Scott Mayfield.
13:23 of 1st period - Stopped by Ilya Sorokin without a rebound.
13:24 of 1st period - Boone Jenner wins face-off versus Oliver Bjorkstrand in Calgary Flames zone.
13:36 of 1st period - Off-side.
13:37 of 1st period - J.T. Miller wins face-off versus Jeff Carter in neutral zone.
13:42 of 1st period - Slapshot by J.T. Miller.
13:42 of 1st period - Shot Blocked by Jeff Carter.
13:44 of 1st period - Wrist shot by Pavel Zacha.
13:44 of 1st period - Goal by Pavel Zacha - Edmonton Oilers : 0 - Calgary Flames : 2.
13:45 of 1st period - Boone Jenner wins face-off versus J.T. Miller in neutral zone.
13:48 of 1st period - Pavel Zacha is hit by Boone Jenner and loses puck.
14:11 of 1st period - Brett Pesce is hit by Oliver Bjorkstrand and loses puck.
14:52 of 1st period - Snap shot by J.T. Miller.
14:52 of 1st period - Stopped by Juuse Saros with a rebound.
16:03 of 1st period - Jeff Petry is hit by Corey Perry and loses puck.
17:32 of 1st period - Snap shot by Nic Dowd.
17:32 of 1st period - Stopped by Juuse Saros without a rebound.
17:33 of 1st period - Pavel Zacha wins face-off versus Brock Boeser in Edmonton Oilers zone.
18:05 of 1st period - Slapshot by Ryan McLeod.
18:05 of 1st period - Stopped by Ilya Sorokin without a rebound.
18:06 of 1st period - Oliver Bjorkstrand wins face-off versus Ryan McLeod in Calgary Flames zone.
18:11 of 1st period - Ryan McLeod is hit by Drew Doughty.
18:31 of 1st period - Brett Pesce is hit by Pavel Zacha.
19:01 of 1st period - Wrist shot by Yakov Trenin.
19:01 of 1st period - Shot Misses the Net.
19:13 of 1st period - Zach Hyman is hit by Scott Mayfield and loses puck.
19:33 of 1st period - Off-side.
19:34 of 1st period - Ryan McLeod wins face-off versus Cole Sillinger in neutral zone.
19:40 of 1st period - Jake Middleton beats up Tanner Jeannot.
19:40 of 1st period - Penalty to Jake Middleton for Fighting.
19:40 of 1st period - Penalty to Tanner Jeannot for Fighting.
19:41 of 1st period - J.T. Miller wins face-off versus Jeff Carter in Calgary Flames zone.
Goals for this period are 0 for Edmonton Oilers vs 2 for Calgary Flames.
Shots for this period are 13 for Edmonton Oilers vs 18 for Calgary Flames.
2nd period
0:01 of 2nd period - Boone Jenner wins face-off versus Oliver Bjorkstrand in neutral zone.
0:11 of 2nd period - Off-side.
0:12 of 2nd period - Jeff Carter wins face-off versus J.T. Miller in neutral zone.
1:45 of 2nd period - Snap shot by Pavel Zacha.
1:45 of 2nd period - Stopped by Juuse Saros with a rebound.
1:47 of 2nd period - Snap shot by Jeff Petry.
1:47 of 2nd period - Stopped by Juuse Saros without a rebound.
1:48 of 2nd period - Boone Jenner wins face-off versus J.T. Miller in Edmonton Oilers zone.
2:18 of 2nd period - Snap shot by Mathieu Joseph.
2:18 of 2nd period - Stopped by Juuse Saros without a rebound.
2:19 of 2nd period - Boone Jenner wins face-off versus J.T. Miller in Edmonton Oilers zone.
2:24 of 2nd period - Kris Letang is hit by Adrian Kempe and loses puck.
2:33 of 2nd period - Wrist shot by Adrian Kempe.
2:33 of 2nd period - Stopped by Ilya Sorokin with a rebound.
2:35 of 2nd period - Snap shot by Brock Boeser.
2:35 of 2nd period - Shot Misses the Net.
3:02 of 2nd period - David Perron is hit by Mathieu Joseph and loses puck.
3:18 of 2nd period - Backhand shot by Zach Hyman.
3:18 of 2nd period - Deflect By Joel Eriksson Ek.
3:18 of 2nd period - Shot Blocked by Dawson Mercer.
3:18 of 2nd period - Puck is out of play.
3:19 of 2nd period - J.T. Miller wins face-off versus Boone Jenner in Edmonton Oilers zone.
3:36 of 2nd period - Wrist shot by J.T. Miller.
3:36 of 2nd period - Deflect By Matthew Tkachuk.
3:36 of 2nd period - Stopped by Juuse Saros with a rebound.
3:54 of 2nd period - Wrist shot by Dawson Mercer.
3:54 of 2nd period - Stopped by Ilya Sorokin with a rebound.
3:56 of 2nd period - Snap shot by Alex Iafallo.
3:56 of 2nd period - Shot Misses the Net.
4:06 of 2nd period - David Perron is hit by Mathieu Joseph.
4:46 of 2nd period - Minor Penalty to Yakov Trenin for Holding.
4:47 of 2nd period - Sebastian Aho wins face-off versus Boone Jenner in Calgary Flames zone.
6:46 of 2nd period - Penalty to Yakov Trenin is over, Yakov Trenin is back on ice.
6:48 of 2nd period - J.T. Miller is hit by Brock Boeser and loses puck.
7:07 of 2nd period - Yakov Trenin is hit by Jacob Trouba.
7:42 of 2nd period - Zach Hyman is hit by Morgan Barron and loses puck.
8:33 of 2nd period - Boone Jenner is hit by Drew Doughty and loses puck.
9:12 of 2nd period - Slapshot by Zach Hyman.
9:12 of 2nd period - Goal by Zach Hyman - Edmonton Oilers : 0 - Calgary Flames : 3.
9:13 of 2nd period - Boone Jenner wins face-off versus J.T. Miller in neutral zone.
9:48 of 2nd period - Snap shot by David Perron.
9:48 of 2nd period - Shot Blocked by Joel Eriksson Ek.
9:50 of 2nd period - Wrist shot by Jeff Carter.
9:50 of 2nd period - Shot Misses the Net.
9:52 of 2nd period - Snap shot by Jeff Carter.
9:52 of 2nd period - Shot Hit the Post.
9:54 of 2nd period - Snap shot by Jake DeBrusk.
9:54 of 2nd period - Stopped by Ilya Sorokin with a rebound.
10:03 of 2nd period - Off-side.
10:04 of 2nd period - Dawson Mercer wins face-off versus Oliver Bjorkstrand in neutral zone.
10:09 of 2nd period - Wrist shot by Dawson Mercer.
10:09 of 2nd period - Stopped by Ilya Sorokin with a rebound.
10:11 of 2nd period - Wrist shot by Dawson Mercer.
10:11 of 2nd period - Stopped by Ilya Sorokin without a rebound.
10:12 of 2nd period - J.T. Miller wins face-off versus Boone Jenner in Calgary Flames zone.
10:25 of 2nd period - Wrist shot by Matthew Tkachuk.
10:25 of 2nd period - Deflect By Pavel Zacha.
10:25 of 2nd period - Stopped by Juuse Saros with a rebound.
10:27 of 2nd period - Snap shot by Pavel Zacha.
10:27 of 2nd period - Stopped by Juuse Saros with a rebound.
10:29 of 2nd period - Wrist shot by Drew Doughty.
10:29 of 2nd period - Stopped by Juuse Saros with a rebound.
10:39 of 2nd period - Backhand shot by Oliver Bjorkstrand.
10:39 of 2nd period - Shot Misses the Net.
10:41 of 2nd period - Slapshot by Kris Letang.
10:41 of 2nd period - Stopped by Juuse Saros with a rebound.
10:43 of 2nd period - Slapshot by Cole Sillinger.
10:43 of 2nd period - Shot Blocked by Evan Bouchard.
10:57 of 2nd period - Minor Penalty to Scott Mayfield for Interference.
10:58 of 2nd period - Jake DeBrusk wins face-off versus Joel Eriksson Ek in Edmonton Oilers zone.
11:39 of 2nd period - Snap shot by Zach Hyman.
11:39 of 2nd period - Shot Hit the Post.
11:41 of 2nd period - Wrist shot by Zach Hyman.
11:41 of 2nd period - Shot Misses the Net.
12:57 of 2nd period - Penalty to Scott Mayfield is over, Scott Mayfield is back on ice.
14:03 of 2nd period - Dawson Mercer is hit by Kris Letang and loses puck.
14:14 of 2nd period - Joel Eriksson Ek is hit by Brandon Carlo and loses puck.
15:29 of 2nd period - Drew Doughty is hit by Adrian Kempe and loses puck.
15:48 of 2nd period - Drew Doughty is hit by Jacob Trouba and loses puck.
15:55 of 2nd period - Jeff Carter is hit by Drew Doughty and loses puck.
16:10 of 2nd period - Wrist shot by Zach Hyman.
16:10 of 2nd period - Deflect By Sebastian Aho.
16:10 of 2nd period - Shot Blocked by Brandon Carlo.
16:10 of 2nd period - Puck is out of play.
16:11 of 2nd period - Dawson Mercer wins face-off versus Sebastian Aho in Edmonton Oilers zone.
16:48 of 2nd period - Snap shot by Ryan McLeod.
16:48 of 2nd period - Shot Misses the Net.
18:39 of 2nd period - Slapshot by Jacob Trouba.
18:39 of 2nd period - Stopped by Ilya Sorokin without a rebound.
18:40 of 2nd period - Jeff Carter wins face-off versus J.T. Miller in Calgary Flames zone.
18:41 of 2nd period - Snap shot by David Perron.
18:41 of 2nd period - Shot Blocked by Drew Doughty.
18:43 of 2nd period - Snap shot by Rasmus Ristolainen.
18:43 of 2nd period - Stopped by Ilya Sorokin without a rebound.
18:44 of 2nd period - J.T. Miller wins face-off versus Jeff Carter in Calgary Flames zone.
18:44 of 2nd period - J.T. Miller is hit by Brett Pesce.
18:49 of 2nd period - Icing by Matthew Tkachuk.
18:50 of 2nd period - J.T. Miller wins face-off versus Jeff Carter in Calgary Flames zone.
19:22 of 2nd period - Wrist shot by Pavel Zacha.
19:22 of 2nd period - Stopped by Juuse Saros without a rebound.
19:23 of 2nd period - Boone Jenner wins face-off versus Sebastian Aho in Edmonton Oilers zone.
19:59 of 2nd period - Snap shot by Mathieu Joseph.
19:59 of 2nd period - Shot Blocked by Brandon Carlo.
Goals for this period are 0 for Edmonton Oilers vs 1 for Calgary Flames.
Shots for this period are 7 for Edmonton Oilers vs 10 for Calgary Flames.
3rd period
0:01 of 3rd period - Sebastian Aho wins face-off versus Jeff Carter in neutral zone.
0:32 of 3rd period - Slapshot by J.T. Miller.
0:32 of 3rd period - Shot Blocked by Brandon Carlo.
0:54 of 3rd period - Off-side.
0:55 of 3rd period - Mathieu Joseph wins face-off versus Ryan McLeod in neutral zone.
1:00 of 3rd period - Slapshot by Drew Doughty.
1:00 of 3rd period - Stopped by Juuse Saros without a rebound.
1:01 of 3rd period - Sebastian Aho wins face-off versus Jeff Carter in Edmonton Oilers zone.
1:02 of 3rd period - Backhand shot by Joel Eriksson Ek.
1:02 of 3rd period - Shot Misses the Net.
1:10 of 3rd period - Wrist shot by Joel Eriksson Ek.
1:10 of 3rd period - Shot Blocked by Rasmus Ristolainen.
1:12 of 3rd period - Slapshot by Kris Letang.
1:12 of 3rd period - Deflect By David Perron.
1:12 of 3rd period - Stopped by Juuse Saros with a rebound.
1:34 of 3rd period - Slapshot by Pavel Zacha.
1:34 of 3rd period - Stopped by Juuse Saros without a rebound.
1:35 of 3rd period - Matthew Tkachuk wins face-off versus Boone Jenner in Edmonton Oilers zone.
2:02 of 3rd period - Brock Boeser is hit by Garnet Hathaway and loses puck.
2:09 of 3rd period - Snap shot by Garnet Hathaway.
2:09 of 3rd period - Shot Blocked by Evan Bouchard.
2:50 of 3rd period - Slapshot by Kris Letang.
2:50 of 3rd period - Shot Blocked by Dawson Mercer.
2:52 of 3rd period - Slapshot by Pavel Zacha.
2:52 of 3rd period - Deflect By Jacob Trouba.
2:52 of 3rd period - Stopped by Juuse Saros with a rebound.
2:54 of 3rd period - Snap shot by Matthew Tkachuk.
2:54 of 3rd period - Stopped by Juuse Saros with a rebound.
2:56 of 3rd period - Backhand shot by Rasmus Andersson.
2:56 of 3rd period - Goal by Rasmus Andersson - Edmonton Oilers : 0 - Calgary Flames : 4.
2:57 of 3rd period - Jeff Carter wins face-off versus Sebastian Aho in neutral zone.
3:05 of 3rd period - Minor Penalty to David Perron for Hooking.
3:06 of 3rd period - Sebastian Aho wins face-off versus Dawson Mercer in Edmonton Oilers zone.
3:16 of 3rd period - Snap shot by Sebastian Aho.
3:16 of 3rd period - Deflect By J.T. Miller.
3:16 of 3rd period - Shot Blocked by Brock Boeser.
3:16 of 3rd period - Puck is out of play.
3:17 of 3rd period - Joel Eriksson Ek wins face-off versus Jake DeBrusk in Edmonton Oilers zone.
3:18 of 3rd period - Wrist shot by Matthew Tkachuk.
3:18 of 3rd period - Shot Misses the Net.
3:44 of 3rd period - Zach Hyman is hit by Brock Boeser.
3:48 of 3rd period - Wrist shot by Drew Doughty.
3:48 of 3rd period - Shot Blocked by Evan Bouchard.
5:05 of 3rd period - Penalty to David Perron is over, David Perron is back on ice.
5:12 of 3rd period - Evan Bouchard is hit by Rasmus Andersson and loses puck.
5:21 of 3rd period - Brett Pesce is hit by Mathieu Joseph and loses puck.
5:59 of 3rd period - Slapshot by Dawson Mercer.
5:59 of 3rd period - Shot Blocked by Jake Middleton.
6:01 of 3rd period - Snap shot by Dawson Mercer.
6:01 of 3rd period - Deflect By Corey Perry.
6:01 of 3rd period - Shot Misses the Net.
6:01 of 3rd period - Puck is out of play.
6:02 of 3rd period - Boone Jenner wins face-off versus Nic Dowd in Calgary Flames zone.
6:41 of 3rd period - Slapshot by Corey Perry.
6:41 of 3rd period - Deflect By Dawson Mercer.
6:41 of 3rd period - Shot Misses the Net.
6:41 of 3rd period - Puck is out of play.
6:42 of 3rd period - Sebastian Aho wins face-off versus Dawson Mercer in Calgary Flames zone.
6:49 of 3rd period - Snap shot by Sebastian Aho.
6:49 of 3rd period - Shot Misses the Net.
6:58 of 3rd period - Off-side.
6:59 of 3rd period - Boone Jenner wins face-off versus J.T. Miller in neutral zone.
7:55 of 3rd period - Snap shot by Jake DeBrusk.
7:55 of 3rd period - Deflect By Kris Letang.
7:55 of 3rd period - Shot Hit the Post.
7:55 of 3rd period - Puck is out of play.
7:56 of 3rd period - Boone Jenner wins face-off versus Nic Dowd in Calgary Flames zone.
7:56 of 3rd period - Yakov Trenin and Jacob Trouba fight to a draw.
7:56 of 3rd period - Penalty to Yakov Trenin for Fighting.
7:56 of 3rd period - Penalty to Jacob Trouba for Fighting.
7:56 of 3rd period - Penalty to Jacob Trouba for instigated a fight.
7:56 of 3rd period - Penalty to Jacob Trouba for instigated a fight.
7:57 of 3rd period - Jake DeBrusk wins face-off versus Sebastian Aho in Calgary Flames zone.
7:58 of 3rd period - Snap shot by Adrian Kempe.
7:58 of 3rd period - Shot Misses the Net.
9:56 of 3rd period - Penalty to Jacob Trouba is over, Brock Boeser is send on ice.
10:03 of 3rd period - Wrist shot by Dawson Mercer.
10:03 of 3rd period - Deflect By Drew Doughty.
10:03 of 3rd period - Shot Blocked by Kris Letang.
10:03 of 3rd period - Puck is out of play.
10:04 of 3rd period - Oliver Bjorkstrand wins face-off versus Morgan Barron in Calgary Flames zone.
10:19 of 3rd period - Snap shot by Cole Sillinger.
10:19 of 3rd period - Deflect By Oliver Bjorkstrand.
10:19 of 3rd period - Deflect By Scott Mayfield.
10:19 of 3rd period - Stopped by Juuse Saros with a rebound.
10:37 of 3rd period - Wrist shot by Alex Iafallo.
10:37 of 3rd period - Stopped by Ilya Sorokin without a rebound.
10:38 of 3rd period - Sebastian Aho wins face-off versus Boone Jenner in Calgary Flames zone.
10:38 of 3rd period - Sebastian Aho is hit by Brock Boeser.
10:41 of 3rd period - Icing by Rasmus Andersson.
10:42 of 3rd period - Adrian Kempe wins face-off versus Sebastian Aho in Calgary Flames zone.
10:51 of 3rd period - Snap shot by Sebastian Aho.
10:51 of 3rd period - Goal by Sebastian Aho - Edmonton Oilers : 0 - Calgary Flames : 5.
10:52 of 3rd period - Pavel Zacha wins face-off versus Boone Jenner in neutral zone.
11:05 of 3rd period - Slapshot by Boone Jenner.
11:05 of 3rd period - Goal by Boone Jenner - Edmonton Oilers : 1 - Calgary Flames : 5.
11:06 of 3rd period - J.T. Miller wins face-off versus Jeff Carter in neutral zone.
11:17 of 3rd period - Snap shot by Matthew Tkachuk.
11:17 of 3rd period - Stopped by Juuse Saros with a rebound.
11:19 of 3rd period - Snap shot by Pavel Zacha.
11:19 of 3rd period - Stopped by Juuse Saros without a rebound.
11:20 of 3rd period - Sebastian Aho wins face-off versus Boone Jenner in Edmonton Oilers zone.
11:21 of 3rd period - Snap shot by Joel Eriksson Ek.
11:21 of 3rd period - Shot Blocked by Brett Pesce.
11:37 of 3rd period - Brett Pesce is hit by Jeff Petry and loses puck.
12:16 of 3rd period - Slapshot by Drew Doughty.
12:16 of 3rd period - Stopped by Juuse Saros without a rebound.
12:16 of 3rd period - Minor Penalty to Garnet Hathaway for Slashing.
12:17 of 3rd period - Boone Jenner wins face-off versus Joel Eriksson Ek in Calgary Flames zone.
12:24 of 3rd period - Wrist shot by Brock Boeser.
12:24 of 3rd period - Stopped by Ilya Sorokin with a rebound.
12:26 of 3rd period - Wrist shot by Brock Boeser.
12:26 of 3rd period - Stopped by Ilya Sorokin without a rebound.
12:27 of 3rd period - Boone Jenner wins face-off versus Joel Eriksson Ek in Calgary Flames zone.
12:30 of 3rd period - Snap shot by Brock Boeser.
12:30 of 3rd period - Shot Blocked by Joel Eriksson Ek.
12:32 of 3rd period - Slapshot by Evan Bouchard.
12:32 of 3rd period - Shot Blocked by Drew Doughty.
12:34 of 3rd period - Wrist shot by Brock Boeser.
12:34 of 3rd period - Goal by Brock Boeser - Edmonton Oilers : 2 - Calgary Flames : 5.
12:35 of 3rd period - J.T. Miller wins face-off versus Boone Jenner in neutral zone.
13:11 of 3rd period - Minor Penalty to Jake DeBrusk for Slashing.
13:12 of 3rd period - Dawson Mercer wins face-off versus Matthew Tkachuk in Edmonton Oilers zone.
13:12 of 3rd period - Dawson Mercer is hit by Rasmus Andersson.
13:47 of 3rd period - Snap shot by Sebastian Aho.
13:47 of 3rd period - Deflect By Adrian Kempe.
13:47 of 3rd period - Shot Blocked by Brandon Carlo.
13:47 of 3rd period - Puck is out of play.
13:48 of 3rd period - Joel Eriksson Ek wins face-off versus Dawson Mercer in Edmonton Oilers zone.
13:53 of 3rd period - Wrist shot by Joel Eriksson Ek.
13:53 of 3rd period - Stopped by Juuse Saros with a rebound.
13:55 of 3rd period - Snap shot by Joel Eriksson Ek.
13:55 of 3rd period - Goal by Joel Eriksson Ek - Edmonton Oilers : 2 - Calgary Flames : 6.
13:56 of 3rd period - Boone Jenner wins face-off versus Sebastian Aho in neutral zone.
14:25 of 3rd period - Slapshot by Boone Jenner.
14:25 of 3rd period - Stopped by Ilya Sorokin with a rebound.
14:55 of 3rd period - Wrist shot by Cole Sillinger.
14:55 of 3rd period - Stopped by Juuse Saros with a rebound.
15:39 of 3rd period - Wrist shot by David Perron.
15:39 of 3rd period - Stopped by Ilya Sorokin with a rebound.
15:41 of 3rd period - Slapshot by Jeff Carter.
15:41 of 3rd period - Stopped by Ilya Sorokin without a rebound.
15:42 of 3rd period - J.T. Miller wins face-off versus Boone Jenner in Calgary Flames zone.
16:09 of 3rd period - Pavel Zacha is hit by Corey Perry and loses puck.
16:31 of 3rd period - Evan Bouchard is hit by Zach Hyman and loses puck.
16:50 of 3rd period - Zach Hyman is hit by Brock Boeser.
17:30 of 3rd period - Snap shot by Dawson Mercer.
17:30 of 3rd period - Stopped by Ilya Sorokin with a rebound.
17:32 of 3rd period - Snap shot by Dawson Mercer.
17:32 of 3rd period - Stopped by Ilya Sorokin without a rebound.
17:33 of 3rd period - Dawson Mercer wins face-off versus Nic Dowd in Calgary Flames zone.
17:38 of 3rd period - Wrist shot by Corey Perry.
17:38 of 3rd period - Stopped by Ilya Sorokin without a rebound.
17:39 of 3rd period - Jeff Carter wins face-off versus Oliver Bjorkstrand in Calgary Flames zone.
17:42 of 3rd period - Snap shot by David Perron.
17:42 of 3rd period - Stopped by Ilya Sorokin without a rebound.
17:43 of 3rd period - Jeff Carter wins face-off versus Oliver Bjorkstrand in Calgary Flames zone.
17:48 of 3rd period - Slapshot by Jake DeBrusk.
17:48 of 3rd period - Shot Misses the Net.
17:50 of 3rd period - Slapshot by Evan Bouchard.
17:50 of 3rd period - Shot Blocked by Kris Letang.
17:52 of 3rd period - Slapshot by Scott Mayfield.
17:52 of 3rd period - Stopped by Ilya Sorokin without a rebound.
17:53 of 3rd period - Boone Jenner wins face-off versus J.T. Miller in Calgary Flames zone.
18:02 of 3rd period - Wrist shot by Adrian Kempe.
18:02 of 3rd period - Stopped by Ilya Sorokin with a rebound.
18:10 of 3rd period - Icing by J.T. Miller.
18:11 of 3rd period - Jeff Carter wins face-off versus J.T. Miller in Calgary Flames zone.
18:12 of 3rd period - Snap shot by David Perron.
18:12 of 3rd period - Shot Blocked by Pavel Zacha.
18:21 of 3rd period - J.T. Miller and Jake DeBrusk fight to a draw.
18:21 of 3rd period - Penalty to J.T. Miller for Fighting.
18:21 of 3rd period - Penalty to Jake DeBrusk for Fighting.
18:22 of 3rd period - Jeff Carter wins face-off versus Sebastian Aho in Edmonton Oilers zone.
18:27 of 3rd period - Jake Middleton is hit by David Perron.
18:39 of 3rd period - Snap shot by Joel Eriksson Ek.
18:39 of 3rd period - Stopped by Juuse Saros with a rebound.
18:49 of 3rd period - Rasmus Ristolainen is hit by Nic Dowd and loses puck.
Goals for this period are 2 for Edmonton Oilers vs 3 for Calgary Flames.
Shots for this period are 14 for Edmonton Oilers vs 15 for Calgary Flames.
Back to the Top